 Dungeon Crawl Stone Soup version 0.23.2-33-g5129a83184 (webtiles) character file.

Game seed: 4366615994870265111

16130 doot the Eclecticist (level 12, -1/64 HPs)
             Began as a Deep Elf Wizard on July 23, 2019.
             Was a High Priest of Kikubaaqudgha.
             Slain by a shadow (15 damage)
             ... on level 11 of the Dungeon.
             The game lasted 00:40:47 (14449 turns).

doot the Eclecticist (Deep Elf Wizard)             Turns: 14449, Time: 00:40:48

Health: -1/64      AC:  7    Str:  6    XL:     12   Next: 7%
Magic:  28/33      EV: 15    Int: 33    God:    Kikubaaqudgha [*****.]
Gold:   525        SH:  0    Dex: 19    Spells: 11/41 levels left

rFire    + + +     SeeInvis .   R - +9 rapier of Qaliv {holy, *Corrode Fragile rPois rF+++}
rCold    x . .     Gourm    .   (no shield)
rNeg     . . .     Faith    .   w - +2 robe
rPois    +         Spirit   .   e - +1 hat
rElec    .         Reflect  .   G - +1 cloak of the Hall of Blades {Dex+6}
rCorr    .         Harm     +   (no gloves)
MR       +....                  (no boots)
Stlth    +++.......             U - amulet of harm
HPRegen  0.20/turn              k - ring of flight
MPRegen  0.23/turn              A - ring of Hinen {rF+ rC- Str+2 Int+4}

@: no status effects
A: no striking features
a: Receive Corpses, Torment, Renounce Religion, Evoke Flight


You were on level 11 of the Dungeon.
You worshipped Kikubaaqudgha.
Kikubaaqudgha was extremely pleased with you.
You were not hungry.

You visited 3 branches of the dungeon, and saw 13 of its levels.

You collected 795 gold pieces.
You spent 270 gold pieces at shops.

Inventory:

Hand Weapons
 f - a +3 scythe
 i - a +1 dagger of draining
 s - a +3 quarterstaff of chaos
 O - the cursed +3 short sword "Giantbane" {drain, rElec MR+, unknown}
   (You found it on level 10 of the Dungeon)

   A truly terrible weapon, it drains the life of those it strikes.
   It insulates you from electricity.
   It affects your resistance to hostile enchantments.
   It has a curse placed upon it.
 R - the +9 rapier of Qaliv (weapon) {holy, *Corrode Fragile rPois rF+++}
   (You found it on level 10 of the Dungeon)

   It has been blessed by the Shining One to cause great damage to the undead
   and demons.
   It renders you almost immune to fire.
   It protects you from poison.
   It may corrode you when you take damage.
   It will be destroyed if unequipped.
Armour
 b - a +0 hat
 e - a +1 hat (worn)
 t - a +2 cloak
 w - a +2 robe (worn)
 F - a +0 robe
 G - the +1 cloak of the Hall of Blades (worn) {Dex+6}
   (You found it on level 8 of the Dungeon)

   It affects your dexterity (+6).
Magical Staves
 a - an uncursed staff of power
 K - an uncursed staff of poison
Jewellery
 j - an uncursed amulet of regeneration
 k - a ring of flight (left hand)
 A - the ring of Hinen (right hand) {rF+ rC- Str+2 Int+4}
   (You bought it in a shop on level 7 of the Dungeon)

   [ring of protection from fire]

   It affects your strength (+2).
   It affects your intelligence (+4).
   It protects you from fire.
   It makes you vulnerable to cold.
 U - an amulet of harm (around neck)
 Y - an uncursed ring of protection from magic
Wands
 v - a wand of polymorph (20)
 x - a wand of iceblast (13)
 E - a wand of paralysis (15)
Scrolls
 c - a scroll of immolation {unknown}
 g - a scroll of magic mapping
 h - 9 scrolls of remove curse
 m - 2 scrolls of amnesia {unknown}
 n - a scroll of enchant weapon {unknown}
 y - 2 scrolls of brand weapon
 z - 3 scrolls of fear {unknown}
 B - 4 scrolls of teleportation
 D - a scroll of holy word {unknown}
 H - 2 scrolls of fog
 I - 2 scrolls of enchant armour {unknown}
 J - a scroll of summoning {unknown}
 N - a scroll of vulnerability {unknown}
 T - a scroll of silence {unknown}
 V - 2 scrolls of identify
Potions
 l - a potion of haste
 o - 2 potions of lignification
 p - 3 potions of degeneration
 q - 5 potions of curing
 r - a potion of magic
 u - 2 potions of might
 L - 2 potions of berserk rage
 P - a potion of flight
 Q - a potion of cancellation {unknown}
 S - a potion of mutation {unknown}
 X - a potion of invisibility {unknown}
Miscellaneous
 M - a lamp of fire
Comestibles
 d - 24 rations
 W - a chunk of flesh


   Skills:
 + Level 3.4 Fighting
 + Level 2.4 Short Blades
 + Level 3.3 Staves
 + Level 4.8 Dodging
 + Level 5.2 Stealth
 + Level 15.0 Spellcasting
 + Level 10.4 Conjurations
   Level 1.1 Summonings
 * Level 9.9 Necromancy
 + Level 3.5 Translocations
 + Level 2.4 Fire Magic
 + Level 3.0 Air Magic
 + Level 2.6 Poison Magic


You had 11 spell levels left.
You knew the following spells:

 Your Spells              Type           Power        Failure   Level  Hunger
a - Magic Dart            Conj           ####         1%          1    None
b - Blink                 Tloc           N/A          1%          2    None
c - Conjure Flame         Conj/Fire      ######..     1%          3    None
d - Mephitic Cloud        Conj/Pois/Air  ######..     1%          3    None
e - Vampiric Draining     Necr           ######....   1%          3    None
f - Animate Skeleton      Necr           N/A          1%          1    None
g - Bolt of Draining      Conj/Necr      #######...   1%          5    None
h - Animate Dead          Necr           N/A          1%          4    None
i - Dispel Undead         Necr           ######..     1%          5    None
j - Confuse               Hex            ###.....     4%          3    None

Your spell library contained the following spells:

 Spells                   Type           Power        Failure   Level  Hunger
 Beastly Appendage        Tmut           ###...       1%          1    None
 Corona                   Hex            ###....      1%          1    None
 Pain                     Necr           ####         1%          1    None
 Call Imp                 Summ           ####....     1%          2    None
 Sublimation of Blood     Necr           ######....   1%          2    None
 Dazzling Spray           Conj/Hex       ######       1%          3    None
 Ensorcelled Hibernation  Hex/Ice        ###...       2%          2    None
 Slow                     Hex            ###.....     2%          2    None
 Sticks to Snakes         Tmut           ###.....     2%          2    None
 Spider Form              Tmut/Pois      ####......   3%          3    None
 Tukima's Dance           Hex            ###.....     4%          3    None
 Borgnjor's Vile Clutch   Necr/Erth      ######....   6%          5    None
 Excruciating Wounds      Chrm/Necr      ######....   6%          5    None
 Cause Fear               Hex            ###.......   17%         4    None
 Ice Form                 Ice/Tmut       ###.....     17%         4    None
 Silence                  Hex/Air        ####......   26%         5    None
 Blade Hands              Tmut           ###.......   43%         5    None
 Yara's Violent Unravell  Hex/Tmut       ###.......   43%         5    None
 Deflect Missiles         Chrm/Air       ####......   80%         6    ##.....
 Discord                  Hex            ###.......   100%        8    ######.


Dungeon Overview and Level Annotations

Branches:
Dungeon (11/15)            Temple (1/1) D:4            Lair (1/6) D:11
    Orc: D:9-12

Altars:
Ashenzari
Cheibriados
Dithmenos
Elyvilon
Gozag
Hepliaklqana
Kikubaaqudgha
Nemelex Xobeh
Okawaru
Qazlal
Ru
Sif Muna
Trog
Uskayaw
Vehumet
Wu Jian
Xom
Yredelemnul
Zin
The Shining One

Shops:
D:5 [   D:6 [   D:7 *   D:10 :*

Portals:
Trove: D:10 (give +2 storm dragon scales)


Message History

Unknown command.
Casting: Magic Dart (safe; 1% risk of failure)
Confirm with . or Enter, or press ? or * to list all spells.
You blink.
Casting: Blink (safe; 1% risk of failure)
Confirm with . or Enter, or press ? or * to list all spells.
You blink.
The shadow slips into darkness.
The shadow flickers and vanishes!
Deactivating autopickup; reactivate with Ctrl-A.
You can't go up here!
Casting: Blink (safe; 1% risk of failure)
Confirm with . or Enter, or press ? or * to list all spells.
Aiming: Conjure Flame (safe; 1% risk of failure)
Press: ? - help, Dir - move target cursor The fire ignites!
You start resting.
The shadow strikes at you from the darkness!
You die...
Kikubaaqudgha rasps: "You have failed me!
Welcome... death!"

..........#.........#........#...
..........#...........)......#...
..........#..................#...
.......)..#..................#...
..###..####.....÷.÷...#.....##...
..###..####..........##'######...
................>................
..................#..............
...............#@#...............
...............§#...#............
................................#
..............................###
.###..###.......##.##......##.###
.####'###...##....###......#..##.
.#...........#....#..........###.
.#...........#....#..........##..
.#...........#....#..........##..


There were no monsters in sight!

Vanquished Creatures
  5 death yaks
  2 unseen horrors
  A manticore (D:11)
  A cyclops (D:11)
  A centaur zombie (D:11)
  3 centaur skeletons
  A rime drake (Lair:1)
  3 trolls (D:11)
  Grinder (D:3)
  2 hippogriffs
  Sigmund (D:2)
  2 wraiths (D:11)
  16 yaks
  3 hungry ghosts
  A water moccasin (D:11)
  A porcupine (D:11)
  11 ice beasts
  3 sky beasts
  2 orc warriors
  A black bear (D:9)
  3 phantoms
  A necrophage (D:10)
  5 ogres
  2 centaurs
  A crocodile (D:7)
  2 bullfrogs
  2 wyvern zombies
  A gnoll sergeant (D:11)
  3 scorpions
  13 killer bees
  11 howler monkeys
  Crazy Yiuf (D:4)
  A crimson imp (D:7)
  5 hounds
  4 jellies
  2 bullfrog skeletons
  3 orc priests
  5 worker ants
  3 iguanas
  7 orc wizards
  A hound zombie (D:8)
  A hound skeleton (D:4)
  2 worker ant zombies
  Robin (D:3)
  14 adders
  5 gnolls
  4 shadow imps
  4 oozes (D:9)
  An adder zombie (D:5)
  An adder skeleton (D:7)
  2 worms (D:3)
  2 dart slugs
  7 leopard geckos
  35 orcs
  6 bats
  8 giant cockroaches
  13 goblins
  16 hobgoblins
  9 jackals
  7 kobolds
  5 quokkas
  2 ball pythons
  6 frilled lizards
  A leopard gecko skeleton (D:5)
  A leopard gecko zombie (D:8)
  A quokka skeleton (D:9)
  10 rats
301 creatures vanquished.

Vanquished Creatures (collateral kills)
  A yak (D:9)
  A phantom (D:10)
  A centaur (D:7)
  An ogre (D:10)
  A killer bee (D:10)
  A howler monkey (D:8)
  A quasit (D:10)
  2 centaur zombies (D:10)
  2 jellies
  A worker ant (D:10)
  An ooze (D:9)
  4 goblins (D:3)
17 creatures vanquished.

Grand Total: 318 creatures vanquished

Notes
Turn   | Place    | Note
-------+----------+-------------------------------------------
     0 | D:1      | doot the Deep Elf Wizard began the quest for the Orb.
     0 | D:1      | Reached XP level 1. HP: 10/10 MP: 7/7
   561 | D:1      | Reached skill level 5 in Spellcasting
   561 | D:1      | Reached XP level 2. HP: 15/15 MP: 7/10
   565 | D:1      | Learned a level 2 spell: Blink
  1023 | D:1      | Reached XP level 3. HP: 19/19 MP: 8/12
  1745 | D:2      | Reached skill level 6 in Spellcasting
  1820 | D:2      | Found an ancient bone altar of Kikubaaqudgha.
  1837 | D:2      | Became a worshipper of Kikubaaqudgha
  1980 | D:2      | Learned a level 3 spell: Conjure Flame
  1984 | D:2      | Learned a level 3 spell: Mephitic Cloud
  2004 | D:2      | Noticed Sigmund
  2181 | D:2      | Killed Sigmund
  2181 | D:2      | Reached skill level 7 in Spellcasting
  2181 | D:2      | Reached XP level 4. HP: 24/24 MP: 0/15
  2181 | D:2      | Reached XP level 5. HP: 28/28 MP: 0/16
  2669 | D:3      | Reached XP level 6. HP: 7/32 MP: 3/18
  2799 | D:3      | Reached skill level 1 in Poison Magic
  3154 | D:3      | Reached * piety under Kikubaaqudgha
  3154 | D:3      | Identified Kikubaaqudgha's Tome of Black Arts
                  | (Kikubaaqudgha gifted it to you on level 3 of the Dungeon)
  3154 | D:3      | Received a gift from Kikubaaqudgha
  3162 | D:3      | Learned a level 3 spell: Vampiric Draining
  3164 | D:3      | Learned a level 1 spell: Animate Skeleton
  3164 | D:3      | Noticed Grinder
  3165 | D:3      | Noticed Robin
  3522 | D:4      | Reached skill level 1 in Air Magic
  3846 | D:4      | Found a staircase to the Ecumenical Temple.
  3875 | Temple   | Entered the Ecumenical Temple
  4234 | D:4      | Found a runed translucent door.
  4235 | D:4      | Noticed Crazy Yiuf
  4562 | D:4      | Killed Crazy Yiuf
  4767 | D:5      | Entered Level 5 of the Dungeon
  4775 | D:5      | Reached skill level 8 in Spellcasting
  4775 | D:5      | Reached XP level 7. HP: 34/36 MP: 11/20
  4863 | D:5      | Found Giavi's Armour Boutique.
  4994 | D:5      | Found a hide-covered altar of Uskayaw.
  5417 | D:5      | Bought a +2 robe for 139 gold pieces
  5457 | D:6      | Found Dotragut's Antique Armour Shop.
  5651 | D:6      | Reached skill level 1 in Necromancy
  5697 | D:6      | Reached skill level 1 in Fighting
  5697 | D:6      | Reached skill level 5 in Conjurations
  5759 | D:6      | Found a shimmering altar of Xom.
  5775 | D:6      | Reached skill level 1 in Staves
  6170 | D:7      | Reached skill level 9 in Spellcasting
  6170 | D:7      | Reached XP level 8. HP: 43/43 MP: 6/23
  6366 | D:7      | Reached skill level 1 in Fire Magic
  6719 | D:7      | Found Echiuce's Assorted Antiques.
  6724 | D:7      | Bought a faintly glowing ivory ring for 95 gold pieces
  6724 | D:7      | Identified the ring of Hinen {rF+ rC- Str+2 Int+4} (You
                  | bought it in a shop on level 7 of the Dungeon)
  6784 | D:7      | Reached ** piety under Kikubaaqudgha
  6931 | D:7      | Reached skill level 10 in Spellcasting
  7362 | D:8      | Reached skill level 11 in Spellcasting
  7362 | D:8      | Reached XP level 9. HP: 32/47 MP: 19/26
  7548 | D:8      | Found an opulent altar of Gozag.
  7721 | D:8      | Found a stormy altar of Qazlal.
  7777 | D:8      | Got a polished cloak
  7788 | D:8      | Identified the +1 cloak of the Hall of Blades {Dex+6} (You
                  | found it on level 8 of the Dungeon)
  8153 | D:8      | Reached *** piety under Kikubaaqudgha
  8153 | D:8      | Identified Kikubaaqudgha's Volume of Sinister Secrets
                  | (Kikubaaqudgha gifted it to you on level 8 of the Dungeon)
  8153 | D:8      | Received a gift from Kikubaaqudgha
  8164 | D:8      | Learned a level 5 spell: Bolt of Draining
  8169 | D:8      | Learned a level 4 spell: Animate Dead
  8467 | D:9      | Reached skill level 5 in Stealth
  8694 | D:9      | Found a sparkling altar of Nemelex Xobeh.
  8851 | D:9      | Reached skill level 12 in Spellcasting
  9175 | D:9      | Reached XP level 10. HP: 53/53 MP: 28/28
  9317 | D:10     | Entered Level 10 of the Dungeon
  9317 | D:10     | Found Vecaod's Book Shop.
  9497 | D:9      | Reached skill level 5 in Necromancy
  9501 | D:9      | Reached **** piety under Kikubaaqudgha
  9884 | D:10     | Learned a level 5 spell: Dispel Undead
 10673 | D:10     | Killed an unseen horror
 10673 | D:10     | Reached skill level 13 in Spellcasting
 10828 | D:10     | Learned a level 3 spell: Confuse
 10858 | D:10     | Found Foost's General Store.
 10880 | D:10     | Bought a scroll of teleportation for 36 gold pieces
 10964 | D:10     | Got a bloodstained rapier
 10965 | D:10     | Identified the +9 rapier of Qaliv {holy, *Corrode Fragile
                  | rPois rF+++} (You found it on level 10 of the Dungeon)
 11079 | D:10     | Found a portal to a secret trove of treasure.
 11256 | D:11     | Noticed a death yak
 11267 | D:11     | Noticed a death yak
 11267 | D:11     | Noticed a death yak
 11267 | D:11     | Noticed a death yak
 11268 | D:11     | Noticed a death yak
 11288 | D:11     | Killed a death yak
 11288 | D:11     | Reached XP level 11. HP: 34/60 MP: 0/30
 11288 | D:11     | Killed a death yak
 11292 | D:10     | Got a translucent short sword
 11443 | D:10     | Killed a death yak
 11443 | D:10     | Reached skill level 1 in Short Blades
 11611 | D:11     | Found a staircase to the Lair.
 11637 | D:11     | Killed a death yak
 11821 | D:10     | Killed a death yak
 12321 | D:11     | Reached skill level 14 in Spellcasting
 12806 | D:11     | Reached ***** piety under Kikubaaqudgha
 12898 | D:11     | Found the +8 mithril axe "Arga" {speed, MR+}
 13039 | D:11     | Killed an unseen horror
 13039 | D:11     | Reached skill level 10 in Conjurations
 13741 | D:3      | Found a shattered altar of Ashenzari.
 13907 | D:3      | Killed Robin
 14035 | D:3      | Killed Grinder
 14245 | Lair:1   | Entered Level 1 of the Lair of Beasts
 14248 | Lair:1   | Reached XP level 12. HP: 64/64 MP: 18/32
 14253 | D:11     | Reached skill level 15 in Spellcasting
 14449 | D:11     | Slain by a shadow

Skill      XL: |  1  2  3  4  5  6  7  8  9 10 11 12 |
---------------+-------------------------------------+-----
Spellcasting   | 5 7 8 9 11 12 13 14 15 | 15.0
Conjurations   | 3 4 5 6 8 9 10 | 10.4
Stealth        | 3 4 5 |  5.2
Poison Magic   | 1 2 |  2.6
Air Magic      | 1 2 3 |  3.0
Dodging        | 3 4 |  4.8
Necromancy     | 1 2 4 7 9 |  9.9
Fighting       | 1 3 |  3.4
Staves         | 2 3 |  3.3
Fire Magic     | 1 2 |  2.4
Translocations | 2 3 |  3.5
Short Blades   | 2 |  2.4
Summonings     | |  1.1

Action                   |  1- 3 |  4- 6 |  7- 9 | 10-12 || total
-------------------------+-------+-------+-------+-------++-------
Melee: Dagger            |     1 |    14 |       |       ||    15
       Quarterstaff      |       |       |    57 |       ||    57
       Staff             |       |       |    21 |     6 ||    27
       Rapier            |       |       |       |    38 ||    38
 Cast: Magic Dart        |   131 |    98 |   262 |    79 ||   570
       Mephitic Cloud    |     2 |     3 |    17 |    14 ||    36
       Conjure Flame     |     1 |     2 |    33 |    21 ||    57
       Animate Skeleton  |       |     3 |    18 |    16 ||    37
       Blink             |       |     1 |    16 |    22 ||    39
       Bolt of Draining  |       |       |     2 |    97 ||    99
       Animate Dead      |       |       |       |    13 ||    13
       Dispel Undead     |       |       |       |     1 ||     1
       Confuse           |       |       |       |     4 ||     4
  Use: Scroll            |       |       |     6 |     6 ||    12
       Potion            |       |       |       |     3 ||     3
 Stab: Confused          |       |     1 |     3 |     1 ||     5
       Sleeping          |       |       |     1 |     1 ||     2
  Eat: Chunk             |     4 |     6 |    12 |    14 ||    36
       Ration            |       |     1 |       |     1 ||     2
Armor: Robe              |    10 |     3 |    46 |    38 ||    97
Dodge: Dodged            |    18 |    11 |    96 |   112 ||   237
